AoeStats
← tenduril

Black Forest

510200430Analyzed
3v3 RM · 2d ago on Sep 29, 2026· 69m 29s· 6 players
Game mode
Random Map
Map size
Normal (6 player)
Population
200
Speed
Normal
Resources
Standard
Victory
Conquest
Starting age
Dark Age
Ending age
Imperial Age
RankedLock teamsTeams togetherTeam positionsShared explorationLock speedFull tech treeHidden civsTurbo modeCheats
Victory
Defeat
🇲🇽 Franks · Mexico
1035
+12
🇺🇸 Danes · United States
1012
+13
🇮🇹 Varangians · Italy
1001
+13
🇩🇪 Hindustanis · Germany
1043
-16
🇹🇷 Ethiopians · Türkiye
1036
-16
🇹🇷 Britons · Türkiye
758
-6
fede.dr
7:56 Loom
10:16 Feudal Age
17:14 Castle Age
16:25 Stone Mining
16:46 Horse Collar
17:13 Double-Bit Axe
20:09 Wheelbarrow
28:59 Imperial Age
26:29 Gold Mining
28:39 Bow Saw
31:36 Hand Cart
31:58 Heavy Plow
33:59 Conscription
36:59 Elite Jarl
37:48 Heated Shot
38:09 Masonry
39:25 Bloodlines
39:16 Husbandry
40:47 Forging
40:43 Scale Barding Armor
40:38 Padded Archer Armor
41:04 Ballistics
41:23 Pikeman
42:04 Squires
41:49 Gambesons
42:55 Halberdier
45:41 Arson
48:54 Gothikon
52:28 Chemistry
51:59 Architecture
52:07 Elite Varangian Guard
57:07 Elite Skirmisher
58:16 Caravan
58:45 Fletching
59:10 Leather Archer Armor
59:31 Iron Casting
59:17 Chain Barding Armor
60:27 Siege Engineers
60:18 Murder Holes
62:45 Scale Mail Armor
tenduril
11:30 Feudal Age
11:36 Man-at-Arms
13:03 Arson
22:33 Castle Age
22:24 Horse Collar
22:31 Double-Bit Axe
25:07 Bow Saw
28:59 Heavy Plow
30:44 Forging
30:34 Scale Mail Armor
31:58 Wheelbarrow
31:58 Gold Mining
32:02 Stone Mining
34:44 Iron Casting
34:24 Chain Mail Armor
33:34 Pikeman
34:15 Squires
34:00 Gambesons
35:36 Fletching
35:46 Padded Archer Armor
36:26 Elite Skirmisher
37:31 Hamask
44:17 Imperial Age
45:19 Elite Varangian Guard
48:21 Conscription
48:46 Block Printing
48:57 Illumination
49:09 Theocracy
48:44 Redemption
48:43 Caravan
49:00 Hand Cart
48:32 Halberdier
51:33 Bodkin Arrow
51:53 Leather Archer Armor
52:38 Blast Furnace
52:08 Plate Mail Armor
52:33 Heavy Scorpion
54:49 Bracer
55:19 Ring Archer Armor
57:11 Chemistry
56:31 Ballistics
57:05 Elite Jomsviking
lors_b
0:50 Loom
15:32 Feudal Age
20:16 Castle Age
18:11 Double-Bit Axe
18:50 Gold Mining
22:15 Bow Saw
23:00 Husbandry
23:40 Scale Barding Armor
24:41 Forging
27:57 Wheelbarrow
27:07 Town Watch
36:13 Imperial Age
34:16 Chain Barding Armor
34:32 Iron Casting
34:51 Fortified Wall
34:36 Light Cavalry
35:48 Caravan
36:33 Padded Archer Armor
36:24 Fletching
36:34 Cranequins
38:56 Leather Archer Armor
38:39 Bodkin Arrow
40:45 Conscription
39:52 Ordonnance Companies
40:03 Heavy Mounted Crossbowman
42:12 Blast Furnace
42:01 Gold Shaft Mining
41:20 Stone Mining
44:20 Plate Barding Armor
47:11 Ballistics
47:52 Chemistry
46:37 Treadmill Crane
49:43 Hoardings
52:11 Capped Ram
52:45 Onager
53:36 Cavalier
55:27 Paladin
KanuniZkan
10:34 Feudal Age
14:49 Castle Age
13:18 Horse Collar
13:34 Double-Bit Axe
18:34 Town Watch
19:21 Scale Mail Armor
19:27 Scale Barding Armor
22:25 Bloodlines
24:57 Wheelbarrow
27:13 Loom
27:44 Hand Cart
27:50 Heavy Plow
30:04 Husbandry
33:49 Imperial Age
32:16 Forging
33:58 Heavy Camel Rider
36:51 Town Patrol
39:12 Imperial Camel Rider
40:34 Chain Barding Armor
40:50 Iron Casting
40:31 Chain Mail Armor
42:06 Chemistry
41:07 Gold Mining
Kanveren
1:20 Loom
11:52 Feudal Age
15:44 Castle Age
18:01 Crossbowman
26:59 Fletching
28:54 Padded Archer Armor
30:04 Horse Collar
33:13 Ballistics
32:57 Double-Bit Axe
33:27 Bodkin Arrow
33:49 Leather Archer Armor
36:48 Imperial Age
34:54 Wheelbarrow
34:05 Town Watch
35:12 Thumb Ring
36:34 Hand Cart
36:35 Leather Archer Armor
36:41 Fortified Wall
39:17 Chemistry
39:25 Arbalester
42:16 Bow Saw
44:07 Bracer
47:25 Two-Man Saw
49:02 Arbalester
60:34 Ring Archer Armor
60:11 Scale Barding Armor
60:17 Forging
60:08 Scale Mail Armor
Synthax
0:31 Loom
16:03 Feudal Age
24:07 Castle Age
23:33 Horse Collar
23:44 Double-Bit Axe
23:54 Gold Mining
23:58 Stone Mining
36:16 Yeomen
39:07 Ballistics
38:59 Fortified Wall
38:44 Guard Tower
38:39 Treadmill Crane
38:59 Murder Holes
40:00 Gold Shaft Mining
39:29 Heavy Plow
39:44 Bow Saw
44:04 Imperial Age
42:49 Padded Archer Armor
42:40 Fletching
44:06 Elite Longbowman
45:58 Chemistry
47:00 Leather Archer Armor
46:41 Bodkin Arrow
46:40 Arrowslits
49:18 Two-Man Saw
48:55 Ring Archer Armor
48:26 Bracer
49:34 Masonry
51:31 Keep
51:29 Architecture
Connection lost

Rejoining the realm…

Still unreachable

The connection could not be restored.

Session expired

The server has moved on; the page needs a fresh start.